Map: Oxide LE

Players

Krystianer - Winner!

  • Race: Protoss Protoss
  • League: Grandmaster

BlyOnFire (Bly)

  • Race: Zerg Zerg

Event: DreamHack SC2 Masters 2021 Summer

VOD

Have the link to the VOD?

Description

Time

  • Played on: May 27, 2021, 11:03 a.m.
  • Length: 19:26

All games in this series

Show
View Real Time Build Order
Export as new Build Order

Krystianer Protoss - Winner!

Build Orders: 1 Gate Expand 

Get SALT Encoding   

  12  0:00  Probe  
  13  0:12  Probe  
  14  0:18  Pylon  
  14  0:24  Probe (Chrono Boost)  
  15  0:37  Probe (Chrono Boost)  
  15  0:39  Gateway  
  16  0:45  Probe (Chrono Boost)  
  16  0:49  Assimilator  
  17  0:51  Probe  
  18  1:03  Probe  
  19  1:16  Probe  
  20  1:26  Nexus  
  20  1:37  Cybernetics Core  
  20  1:40  Probe  
  20  1:45  Assimilator  
  21  1:52  Probe  
  22  1:55  Pylon  
  22  2:04  Probe  
  23  2:11  Adept (Chrono Boost)  
  25  2:16  Probe  
  25  2:20  Stargate  
  26  2:28  Probe (Chrono Boost)  
  26  2:29  Warp Gate  
  27  2:34  Adept  
  29  2:40  Probe (Chrono Boost)  
  29  2:41  Probe (Chrono Boost)  
  31  2:48  Probe x2 (Chrono Boost)  
  33  2:53  Probe (Chrono Boost)  
  33  2:54  Probe  
  33  2:56  Void Ray (Chrono Boost)  
  35  3:05  Probe  
  40  3:07  Probe  
  41  3:17  Probe  
  41  3:18  Gateway  
  41  3:19  Probe  
  43  3:22  Pylon  
  43  3:29  Probe  
  43  3:31  Probe  
  45  3:40  Adept  
  47  3:44  Void Ray, Probe  
  47  3:45  Probe  
  48  3:54  Pylon  
  52  3:56  Probe  
  52  3:57  Probe  
  52  3:59  Pylon  
  54  4:04  Nexus  
  54  4:09  Assimilator  
  54  4:12  Assimilator, Probe  
  54  4:14  Probe  
  56  4:23  Void Ray (Chrono Boost), Stargate  
  56  4:24  Probe, Zealot  
  57  4:29  Pylon  
  57  4:36  Probe x2  
  63  4:48  Probe x2  
  63  4:49  Zealot  
  63  4:50  Void Ray (Chrono Boost)  
  69  5:03  Gateway  
  69  5:04  Adept  
  69  5:05  Void Ray (Chrono Boost), Probe  
  69  5:06  Probe (Chrono Boost)  
  76  5:17  Probe (Chrono Boost)  
  79  5:22  Probe (Chrono Boost)  
  79  5:23  Adept  
  79  5:24  Probe (Chrono Boost)  
  79  5:27  Probe (Chrono Boost)  
  82  5:30  Probe (Chrono Boost)  
  82  5:31  Probe (Chrono Boost)  
  82  5:32  Void Ray (Chrono Boost), Probe (Chrono Boost)  
  82  5:33  Robotics Facility  
  89  5:39  Pylon  
  89  5:41  Probe  
  90  5:42  Probe  
  90  5:44  Probe  
  90  5:47  Assimilator  
  92  5:50  Twilight Council  
  92  5:51  Forge  
  92  5:52  Assimilator  
  92  5:53  Probe  
  92  5:56  Void Ray (Chrono Boost)  
  94  5:57  Probe x2  
  94  6:05  Probe  
  94  6:09  Probe  
  101  6:14  Pylon x2  
  101  6:18  Gateway  
  100  6:23  Void Ray (Chrono Boost)  
  100  6:24  Void Ray (Chrono Boost)  
  100  6:29  Charge  
  108  6:35  Probe x2  
  108  6:37  Protoss Air Weapons Level 1 (Chrono Boost), Pylon  
  106  6:42  Gateway x2  
  106  6:45  Gateway  
  106  6:47  Pylon  
  106  6:51  Probe  
  107  6:55  Void Ray (Chrono Boost), Probe  
  107  6:58  Observer, Gateway x2  
  107  6:59  Probe  
  107  7:01  Shield Battery  
  110  7:03  Void Ray (Chrono Boost)  
  110  7:06  Protoss Ground Weapons Level 1 (Chrono Boost)  
  118  7:14  Probe  
  119  7:21  Pylon  
  119  7:25  Templar Archives  
  119  7:29  Probe, Nexus  
  120  7:30  Zealot  
  120  7:31  Zealot x2  
  126  7:44  Zealot x3  
  126  7:50  Probe  
  126  7:51  Nexus  
  133  7:52  Pylon  
  133  7:57  Pylon  
  133  7:58  Pylon  
  133  8:01  High Templar x4  
  141  8:09  Pylon  
  141  8:10  Probe  
  142  8:16  Assimilator  
  142  8:18  Assimilator, Probe  
  143  8:20  Pylon  
  143  8:23  Gateway  
  143  8:25  Probe, Gateway  
  143  8:27  Gateway  
  143  8:28  Zealot x2  
  143  8:29  Gateway  
  143  8:33  Probe  
  148  8:39  Nexus  
  148  8:40  Probe  
  145  8:43  Probe  
  145  8:45  Probe  
  145  8:48  Zealot x8  
  153  8:52  Probe  
  156  8:57  Probe  
  156  9:02  Pylon  
  157  9:04  Assimilator  
  157  9:06  Assimilator  
  157  9:11  Probe  
  147  9:17  High Templar x3  
  147  9:18  High Templar x5  
  147  9:19  Archon x2  
  147  9:20  Zealot x2  
  147  9:21  Probe  
  147  9:23  Archon x3, Zealot  
  168  9:30  Protoss Ground Weapons Level 2 (Chrono Boost), Archon, Observer (Chrono Boost)  
  169  9:32  Pylon  
  169  9:35  Pylon  
  169  9:36  Pylon, Zealot  
  167  9:46  Zealot x3  
  171  9:56  Pylon  
  171  9:58  Pylon  
  169  10:00  Warp Prism (Chrono Boost)  
  169  10:03  High Templar  
  169  10:04  Zealot x4, High Templar x3  
  179  10:17  Pylon  
  179  10:28  Zealot x3  
  175  10:29  Zealot x5  
  185  10:54  Archon  
  185  10:55  Archon  
  185  10:57  Zealot x9  
  179  11:01  Probe x2  
  167  11:04  Probe  
  154  11:20  Zealot x10  
  154  11:21  Zealot x2  
  170  11:26  Nexus  
  170  11:30  Probe  
  170  11:31  Probe  
  170  11:32  Probe  
  159  11:41  Immortal (Chrono Boost)  
  159  11:42  High Templar x8  
  159  11:43  High Templar x4  
  159  11:46  Archon x3  
  159  11:47  Archon x3  
  185  11:59  Protoss Ground Weapons Level 3 (Chrono Boost)  
  185  12:00  Pylon  
  185  12:03  Robotics Facility  
  185  12:04  Assimilator  
  185  12:06  Assimilator  
  175  12:15  Zealot x2  
  175  12:16  Zealot x10  
  175  12:20  Zealot  
  175  12:21  Zealot x9  
  175  12:22  Warp Prism (Chrono Boost)  
  161  12:49  High Templar x4  
  161  12:50  Zealot  
  161  12:51  Zealot x7  
  173  12:52  Immortal x2 (Chrono Boost)  
  173  12:55  Archon  
  173  12:56  Archon  
  173  13:12  Shield Battery  
  173  13:20  Immortal (Chrono Boost)  
  173  13:25  Immortal (Chrono Boost)  
  175  13:29  Zealot x4  
  181  13:41  Zealot x8  
  195  13:51  Immortal (Chrono Boost)  
  187  14:00  Warp Prism (Chrono Boost)  
  177  14:05  Zealot x7  
  177  14:06  Zealot  
  193  14:15  Zealot x3  
  199  14:19  Gateway  
  199  14:21  Gateway  
  195  14:35  Psionic Storm  
  183  14:45  Zealot x11  
  193  14:51  Immortal  
  197  14:58  Stalker  
  170  15:03  Probe  
  170  15:05  Phoenix x2 (Chrono Boost)  
  163  15:08  Stalker  
  163  15:09  Stalker x3  
  163  15:13  High Templar x3  
  175  15:17  Archon  
  175  15:21  Phoenix x2 (Chrono Boost)  
  172  15:25  High Templar x4  
  180  15:43  Phoenix x2 (Chrono Boost)  
  135  15:57  Phoenix x2 (Chrono Boost)  
  164  16:05  Stalker x3  
  164  16:06  Stalker  
  164  16:07  Stalker  
  164  16:11  Probe x2  
  170  16:12  Probe  
  170  16:13  Phoenix x2 (Chrono Boost)  
  176  16:21  High Templar x2  
  176  16:23  Probe  
  166  16:34  Zealot x3  
  166  16:37  High Templar x3  
  166  16:38  High Templar  
  179  16:41  Archon  
  179  16:42  Archon  
  179  16:44  High Templar x3  
  179  16:45  Zealot, High Templar  
  185  16:47  Probe x2  
  185  16:49  Archon x2  
  185  16:53  Probe x2  
  183  16:59  Probe  
  179  17:07  Zealot x4  
  171  17:17  Probe  
  167  17:23  Probe  
  167  17:27  Probe  
  167  17:28  Probe  
  166  17:35  Probe  
  161  17:37  Probe  
  161  17:39  Probe  
  161  17:41  Stalker x2  
  162  17:55  High Templar x2  
  162  17:56  High Templar x2  
  170  18:02  Archon  
  170  18:03  Archon  
  152  18:23  Sentry x2  
  150  18:32  Probe  
  140  18:43  Probe  
  140  18:45  Zealot x5  
  140  18:46  Zealot x5  
  140  18:47  Probe  
  157  18:55  Probe  
  153  19:03  Probe (Chrono Boost)  
  153  19:04  Probe (Chrono Boost)  
Show
View Real Time Build Order
Export as new Build Order

BlyOnFire Zerg 

Build Orders: Hatch First, Roach Hydra 

Get SALT Encoding   

  12  0:00  Drone  
  13  0:12  Overlord  
  13  0:18  Drone  
  14  0:30  Drone x2  
  16  0:46  Drone  
  17  0:52  Drone  
  17  0:56  Hatchery  
  17  1:00  Drone  
  18  1:08  Extractor  
  17  1:15  Spawning Pool  
  17  1:17  Drone  
  17  1:19  Drone  
  18  1:29  Drone  
  19  1:41  Drone  
  20  1:52  Overlord  
  20  2:02  Queen  
  20  2:07  Queen  
  20  2:08  Zergling x4  
  26  2:13  Metabolic Boost  
  26  2:14  Drone  
  27  2:18  Drone  
  28  2:25  Drone  
  29  2:31  Drone  
  30  2:41  Hatchery  
  30  2:43  Zergling x2  
  30  2:47  Queen  
  32  2:58  Overlord  
  32  2:59  Drone x3  
  35  3:10  Drone  
  36  3:19  Drone x5  
  41  3:22  Queen  
  41  3:24  Overlord  
  43  3:29  Spore Crawler  
  43  3:31  Overlord  
  42  3:38  Drone  
  42  3:41  Queen, Drone  
  44  3:48  Overlord  
  46  3:53  Drone x4  
  50  3:58  Queen  
  50  4:02  Drone x3  
  55  4:06  Drone x2  
  57  4:12  Queen  
  57  4:17  Spore Crawler  
  58  4:18  Spore Crawler  
  58  4:23  Zergling x8  
  60  4:24  Drone  
  60  4:30  Drone x4  
  65  4:35  Lair  
  65  4:37  Overlord  
  65  4:39  Overlord  
  65  4:42  Overlord  
  65  4:48  Roach Warren  
  64  4:53  Overlord x2  
  64  5:03  Queen  
  64  5:04  Queen  
  64  5:06  Drone x5  
  72  5:10  Drone x2  
  74  5:15  Drone x4  
  74  5:16  Drone  
  79  5:21  Drone x5  
  79  5:24  Extractor  
  83  5:30  Extractor  
  83  5:31  Extractor x2  
  83  5:32  Extractor, Drone x6  
  85  5:38  Hydralisk Den  
  83  5:43  Drone x4  
  83  5:44  Drone x3  
  90  5:50  Hatchery  
  90  5:56  Drone  
  90  5:59  Overlord x4  
  88  6:10  Muscular Augments  
  86  6:12  Hydralisk x2  
  86  6:16  Overlord x4  
  88  6:33  Hydralisk x8  
  104  6:43  Evolution Chamber  
  104  6:45  Hydralisk x4  
  111  6:50  Infestation Pit  
  111  6:52  Overseer  
  110  7:00  Hydralisk  
  110  7:01  Hydralisk x2  
  112  7:02  Drone x5  
  121  7:09  Zerg Missile Weapons Level 1  
  122  7:15  Drone x4  
  122  7:21  Hydralisk x2, Grooved Spines  
  129  7:26  Hatchery  
  128  7:33  Hydralisk x6  
  140  7:37  Glial Reconstitution  
  140  7:39  Overlord  
  140  7:51  Hive, Drone  
  140  7:52  Drone x9  
  140  7:54  Spore Crawler, Extractor  
  140  7:55  Extractor  
  147  8:03  Overlord  
  147  8:14  Roach x10  
  147  8:15  Overlord  
  161  8:43  Hydralisk x13  
  179  8:48  Infestor  
  181  8:58  Roach x4  
  181  8:59  Overlord x3  
  189  9:04  Overlord x2  
  189  9:07  Overlord  
  189  9:09  Overlord x2  
  189  9:20  Zerg Missile Weapons Level 2  
  189  9:26  Ultralisk Cavern  
  189  9:30  Viper x2  
  176  9:55  Hydralisk x2  
  176  9:56  Hydralisk x10  
  196  10:03  Hatchery  
  187  10:12  Hatchery  
  186  10:14  Chitinous Plating, Burrow  
  186  10:16  Zergling x6  
  187  10:22  Baneling Nest  
  187  10:24  Hatchery  
  177  10:28  Ultralisk  
  177  10:41  Ultralisk  
  177  10:42  Zergling x16  
  178  10:56  Roach x7  
  168  11:14  Hydralisk x6  
  174  11:35  Centrifical Hooks  
  174  11:37  Zergling x18  
  183  11:50  Hatchery  
  183  11:51  Baneling  
  183  11:52  Baneling x11  
  182  11:55  Hatchery  
  182  11:56  Ultralisk  
  187  12:02  Zerg Melee Weapons Level 1  
  179  12:22  Hydralisk x9  
  190  12:35  Hydralisk x3  
  187  12:47  Spire  
  178  12:57  Tunneling Claws  
  176  13:01  Roach x6  
  188  13:08  Spine Crawler  
  188  13:10  Zergling x6  
  190  13:18  Drone x3  
  193  13:25  Roach x4  
  195  13:51  Hydralisk x2  
  179  14:04  Mutalisk x8  
  179  14:07  Zergling x16  
  194  14:26  Spine Crawler x2  
  189  14:34  Extractor  
  158  14:51  Mutalisk x5  
  146  15:10  Drone x7  
  146  15:28  Hatchery  
  146  15:31  Mutalisk x3  
  151  15:38  Hatchery  
  151  15:42  Roach x4  
  158  15:55  Drone x4  
  164  16:16  Hydralisk x6  
  160  16:32  Roach x5  
  162  16:35  Pneumatized Carapace  
  162  16:45  Roach x3  
  168  16:49  Roach x2  
  168  16:50  Roach x2  
  158  16:55  Roach x2  
  158  16:56  Roach x4  
  142  17:07  Roach  
  142  17:08  Roach x4, Drone x2  
  138  17:09  Drone  
  138  17:10  Roach x3  
  135  17:19  Roach x2  
  139  17:23  Ravager x3  
  137  17:42  Roach x4  
  139  17:45  Roach x2  
  127  17:54  Roach x4  
  122  18:00  Roach x3  
  120  18:12  Roach x3  
  118  18:20  Roach x3  
  116  18:34  Roach  
  116  18:35  Roach  
  116  18:40  Roach x4  
  108  18:49  Roach  
  49  19:07  Drone x4  
  37  19:13  Drone  
  37  19:14  Drone  
Tags
 
Add a new tag
Caveats
  • Supply blocks, unpowered buildings, or Contaminate may cause inaccurate times.
  • Supply counts are checked every 10 seconds.